AoeStats
← ThebigH19891412

Arabia

510046110Analyzed
1v1 RM · 3d ago on Sep 29, 2026· 62m 13s· 2 players
Game mode
Random Map
Map size
Tiny (2 player)
Population
200
Speed
Normal
Resources
Standard
Victory
Conquest
Starting age
Dark Age
Ending age
Imperial Age
RankedLock teamsTeams togetherTeam positionsShared explorationLock speedFull tech treeHidden civsTurbo modeCheats
Victory
Defeat
🇦🇺 Vietnamese · Australia
494
+19
🇲🇽 Magyars · Mexico
559
-19
ThebigH19891412
0:32 Loom
13:04 Feudal Age
26:33 Gold Mining
26:34 Stone Mining
26:32 Double-Bit Axe
26:32 Horse Collar
28:05 Wheelbarrow
27:21 Town Watch
28:50 Man-at-Arms
30:35 Arson
34:37 Castle Age
35:01 Crossbowman
35:47 Squires
35:45 Long Swordsman
40:29 Forging
40:20 Scale Mail Armor
40:21 Padded Archer Armor
40:12 Fletching
45:23 Iron Casting
45:04 Chain Mail Armor
44:56 Scale Barding Armor
45:56 Bow Saw
46:34 Stone Shaft Mining
46:04 Heavy Plow
46:33 Ballistics
46:27 Masonry
46:19 Pikeman
47:55 Leather Archer Armor
47:36 Bodkin Arrow
48:04 Thumb Ring
48:55 Fortified Wall
49:30 Bloodlines
49:21 Husbandry
49:24 Chatras
53:12 Imperial Age
51:03 Town Patrol
52:16 Chain Barding Armor
52:03 Elite Skirmisher
52:47 Murder Holes
52:43 Guard Tower
54:31 Plate Mail Armor
54:33 Ring Archer Armor
54:04 Bracer
54:40 Plate Barding Armor
53:30 Halberdier
53:35 Imperial Skirmisher
54:58 Hand Cart
56:28 Hoardings
55:43 Arrowslits
57:00 Light Cavalry
57:04 Cavalier
58:18 Elite Rattan Archer
59:21 Paper Money
mayo13live
8:16 Loom
11:49 Feudal Age
19:01 Double-Bit Axe
20:28 Wheelbarrow
27:30 Castle Age
25:48 Bloodlines
28:55 Husbandry
29:04 Scale Barding Armor
29:00 Padded Archer Armor
32:30 Hand Cart
36:10 Bow Saw
35:43 Horse Collar
38:35 Thumb Ring
42:39 Chain Barding Armor
42:10 Fletching
42:20 Padded Archer Armor
44:46 Corvinian Army
45:04 Town Watch
46:10 Town Patrol
49:24 Imperial Age
49:37 Imperial Age
48:57 Heavy Plow
51:42 Cavalier
54:07 Two-Man Saw
53:41 Crop Rotation
56:52 Elite Magyar Huszar
59:40 Plate Barding Armor
59:01 Bodkin Arrow
59:21 Leather Archer Armor
60:09 Elite Skirmisher
60:44 Light Cavalry
Connection lost

Rejoining the realm…

Still unreachable

The connection could not be restored.

Session expired

The server has moved on; the page needs a fresh start.